 Dungeon Crawl Stone Soup version 0.30-a0-862-g1aabd4f9c5 (webtiles) character file.

Game seed: 11711040288232182383

41696 Pooter the Basher (level 13, -10/119 HPs)
             Began as a Minotaur Fighter on Mar 8, 2023.
             Was a Priest of Okawaru.
             Mangled by a bog body (22 damage)
             ... in an ice cave.
             The game lasted 01:45:40 (16509 turns).

Pooter the Basher (Minotaur Fighter)               Turns: 16509, Time: 01:45:40

Health: -10/119    AC: 17    Str: 32    XL:     13   Next: 81%
Magic:  19/19      EV:  8    Int:  5    God:    Okawaru [***...]
Gold:   966        SH:  5    Dex: 10    Spells: 12/12 levels left

rFire   . . .      SeeInvis .    a - +2 flail (heavy)
rCold   . . .      Faith    .    (no shield)
rNeg    . . .      Spirit   .    V - +0 plate armour "Witrou Sunes" {Regen+}
rPois   .          Reflect  +    (helmet restricted)
rElec   .          Rampage  .    E - scarf {harm}
rCorr   .          Harm     + .  I - +0 pair of gloves
Will    .....                    z - +0 pair of boots Stlth
                                 X - amulet of reflection
HPRegen 1.19/turn                n - +4 ring of protection
MPRegen 0.16/turn                G - +6 ring of strength

@: slowed, very slow
A: horns 2, retaliatory headbutt
a: Renounce Religion, Heroism


You were in an ice cave.
You worshipped Okawaru.
Okawaru was most pleased with you.
You visited 4 branches of the dungeon, and saw 16 of its levels.
You also visited: Ice Cave.

You collected 1032 gold pieces.
You spent 66 gold pieces at shops.

Inventory:

Hand Weapons
 a - a +2 heavy flail (weapon)
   (You took it off Edmund on level 4 of the Dungeon)
 b - a +0 arbalest
   (You took it off an orc warrior on level 1 of the Orcish Mines)
 p - a +0 morningstar of freezing
   (You found it in an ice cave)
 F - a +4 trident of freezing
   (You took it off a wight on level 7 of the Dungeon)
 M - a +0 broad axe
   (You took it off a gnoll on level 8 of the Dungeon)
Missiles
 c - 2 throwing nets {!f}
 t - 5 javelins
 u - 3 silver javelins
 y - 8 boomerangs (quivered)
 J - 2 silver boomerangs
 K - 11 poisoned darts
 N - 2 atropa-tipped darts
 Q - 155 stones
 U - 2 curare-tipped darts
Armour
 k - a +0 plate armour
   (You took it off an orc warrior on level 8 of the Dungeon)
 z - a +0 pair of boots (worn)
   (You found it on level 5 of the Dungeon)
 C - a +0 kite shield
   (You found it on level 6 of the Dungeon)
 E - a scarf of harm (worn)
   (You found it on level 7 of the Dungeon)
 H - a +1 plate armour of poison resistance
   (You took it off an orc warrior on level 1 of the Orcish Mines)
 I - a +0 pair of gloves (worn)
   (You found it on level 8 of the Dungeon)
 V - the +0 plate armour "Witrou Sunes" (worn) {Regen+}
   (Okawaru gifted it to you on level 10 of the Dungeon)

   Regen:     It increases your rate of health regeneration.
Jewellery
 n - a +4 ring of protection (left hand)
   (You found it on level 2 of the Dungeon)
 G - a +6 ring of strength (right hand)
   (You found it on level 8 of the Dungeon)
 X - an amulet of reflection (around neck)
   (You found it on level 11 of the Dungeon)
Wands
 d - a wand of iceblast (1)
   (You found it on level 10 of the Dungeon)
 f - a wand of flame (24)
   (You found it on level 10 of the Dungeon)
 q - a wand of mindburst (2)
   (You found it on level 2 of the Dungeon)
 D - a wand of digging (4)
   (You took it off a kobold on level 11 of the Dungeon)
 O - a wand of polymorph (2)
   (You found it on level 9 of the Dungeon)
Scrolls
 g - 3 scrolls of noise {!r}
 i - 3 scrolls of identify {@r1}
 r - a scroll of vulnerability {!r}
 w - a scroll of fear
 A - a scroll of poison {!r}
 B - 2 scrolls of enchant armour
 R - a scroll of silence
 T - 2 scrolls of immolation {!r}
 W - 2 scrolls of fog
Potions
 e - a potion of resistance
 h - 9 potions of curing {@q1}
 j - 2 potions of lignification {!q}
 l - 2 potions of ambrosia
 m - a potion of berserk rage
 o - a potion of magic
 Y - 2 potions of mutation {!q}
 Z - 2 potions of haste {@q3}
Miscellaneous
 P - a piece from Xom's chessboard (13/15)
   (You found it on level 9 of the Dungeon)


   Skills:
 + Level 12.3 Fighting
 - Level 5.4(11.1) Axes
 - Level 14.8(15.2) Maces & Flails
 + Level 10.8 Ranged Weapons
 + Level 2.9 Throwing
 - Level 3.6 Armour
 + Level 3.1 Dodging
 + Level 6.8 Stealth
 - Level 8.5 Shields
 * Level 10.1 Invocations
 + Level 2.6 Evocations


You had 12 spell levels left.
You didn't know any spells.
Your spell library contained the following spells:

 Spells                   Type           Power      Damage    Failure   Level
 Shock                    Conj/Air       0%         1d3       99%         1
 Slow                     Hex            0%         N/A       99%         1
 Sting                    Tmut/Pois      0%         1d3       99%         1
 Poisonous Vapours        Pois/Air       0%         N/A       100%        2
 Confusing Touch          Hex            0%         N/A       100%        3
 Swiftness                Air            0%         N/A       100%        3
 Vampiric Draining        Necr           0%         2d6       100%        3
 Vhi's Electric Charge    Tloc/Air       0%         N/A       100%        3
 Airstrike                Air            0%         2d(0-16)  100%        4
 Olgreb's Toxic Radiance  Pois           0%         N/A       100%        4
 Alistair's Intoxication  Tmut/Pois      0%         N/A       100%        5
 Arcjolt                  Conj/Air       0%         1d10      100%        5
 Borgnjor's Vile Clutch   Necr/Erth      0%         N/A       100%        5
 Eringya's Noxious Bog    Tmut/Pois      0%         N/A       100%        6
 Orb of Destruction       Conj           0%         9d5       100%        7
 Maxwell's Capacitive Co  Air            0%         ∞         100%        8
 Summon Guardian Golem    Hex/Summ       Unusable   N/A       N/A         3
 Spellforged Servitor     Conj/Summ      Unusable   N/A       N/A         7

Dungeon Overview and Level Annotations

Branches:
Dungeon (11/15)            Temple (1/1) D:6            Lair (2/5) D:11
    Orc (2/2) D:10            Elf (0/3) Orc:2         IceCv (1/1)
  Swamp: Lair:2-3    Shoals: Lair:2-3     Snake: Lair:2-3    Spider: Lair:2-3

Altars:
Ashenzari
Cheibriados
Dithmenos
Elyvilon
Fedhas
Gozag
Hepliaklqana
Kikubaaqudgha
Okawaru
Uskayaw
Vehumet
Wu Jian
Xom
Zin

Shops:
D:4 *   D:11 :   Orc:1 (*[   Orc:2 (

Annotations:
D:6 3 runed translucent doors, Darius099's ghost, novice TrMo


Innate Abilities, Weirdness & Mutations

You have a pair of horns on your head.
You reflexively headbutt those who attack you in melee.


Message History

You throw a boomerang.
The boomerang hits the ice devil but does no damage.
You gain the combat prowess of a mighty hero.
You closely miss the ice devil. You punch the ice devil!
The ice devil hits you but does no damage.
You hammer the ice devil like a gong!!!
You kill the ice devil!
Okawaru accepts your kill. The ice devil hits you. The ice devil freezes you!!
There is an open door, spattered with blood here.
You closely miss the ice devil. Your headbutt misses the ice devil.
You block the ice devil's attack.
You thump the ice devil! You headbutt the ice devil!
The ice devil hits you but does no damage.
You sock the ice devil! The ice devil closely misses you.
You closely miss the ice devil. You headbutt the ice devil!
You kill the ice devil!
Okawaru accepts your kill.
There is an open door here.
You now have 966 gold pieces (gained 23).
You start resting.
There is an open door here.
There is an open door, spattered with blood here.
There is an open door here.
You feel like a meek peon again.
You open the door.
A necromancer and a bog body come into view.
The necromancer casts a spell at you.
Your body is wracked with pain!
Ouch! That really hurt!
* * * LOW HITPOINT WARNING * * *
Found 4 scrolls of fear, 42 gold pieces and Ozocubu's Autobiography.
Aim: a bog body (75% to hit)
The bolt of acid hits the bog body!
The acid corrodes the bog body!
The bolt of acid misses the necromancer.
Aim: a bog body (moderately damaged, covered in acid, 75% to hit)
The bolt of acid hits the bog body!
The bog body seems to be corroded for longer.
The bolt of acid misses the necromancer.
The now-empty wand crumbles to dust.
The bog body points at you and mumbles some strange words.
You feel yourself slow down.
You barely miss the bog body. The bog body touches you.
* * * LOW HITPOINT WARNING * * *
The bog body freezes you!!
* * * LOW HITPOINT WARNING * * *
The bog body touches you!
* * * LOW HITPOINT WARNING * * *
The bog body freezes you!!
You die...

############
.........'.#
####'#####.#
.#.#.#.#.#.##
'#'#.#'#'#.8######
.........#.......#
.8.8.8.8.#.#####.#
.........#.#$.:#.##
.........'.#?⌠pn@⌠#
.........#.#?.$#.##
.8.8.8.8.#.#####.#
.........#.......#
'#'#.#'#'#.8######
.#.#.#.#.#.##
####+#####.#
.........'.#
############


You could see a necromancer and a bog body (corroded).

Vanquished Creatures
  An orc warlord (Orc:1)
  An ogre mage (Orc:1)
  Erolcha (D:10)
  The ghost of NinjaNoafa the Fighter, a journeyman DjCj of Makhleb (Lair:1)
  3 hydras
  A centaur warrior (D:10)
  4 boulder beetles
  3 two-headed ogres (D:10)
  A tengu warrior (D:10)
  Urug (D:10)
  An orc knight (D:10)
  A deep elf pyromancer (D:10)
  3 orc sorcerers (Orc:1)
  2 manticores
  An ugly thing (D:10)
  Joseph (D:8)
  2 black mambas
  2 ice statues (IceCv)
  Maggie (D:9)
  A cane toad (Lair:1)
  A gargoyle (D:10)
  2 efreet
  A rime drake (Lair:1)
  A tengu conjurer (D:10)
  2 unseen horrors
  6 ice devils (IceCv)
  A kobold demonologist (D:11)
  8 komodo dragons
  4 anaconda simulacra (IceCv)
  9 trolls
  2 hornets
  3 slime creatures (D:11)
  A shadow (D:11)
  3 wraiths (D:10)
  33 yaks
  4 wyverns
  2 dire elephant simulacra (IceCv)
  A basilisk (Lair:1)
  Eustachio (D:6)
  5 steam dragons
  3 harpy simulacra (IceCv)
  A warg (Orc:1)
  Edmund (D:4)
  3 death yak simulacra
  3 acid dragons
  9 water moccasins
  A hydra simulacrum (IceCv)
  25 orc warriors
  A black bear (D:8)
  2 sky beasts
  A boggart (D:10)
  2 centaurs
  An ogre (Orc:1)
  A phantom (D:6)
  4 kobold brigands
  Blork the orc (D:7)
  3 gnoll sergeants
  9 bullfrogs
  A scorpion (D:5)
  A cane toad simulacrum (IceCv)
  3 wights (D:7)
  3 elephant simulacra
  11 killer bees
  An electric eel (Lair:2)
  16 howler monkeys
  A jelly (D:6)
  3 hounds
  9 orc priests
  A gnoll bouda (D:10)
  Terence (D:2)
  9 iguanas
  26 orc wizards
  Natasha (twice) (D:2)
  A troll simulacrum (IceCv)
  11 gnolls
  15 adders
  A naga simulacrum (IceCv)
  A shadow imp (D:7)
  A white imp (D:5)
  2 ufetubi
  4 worms
  2 dart slugs
  51 orcs
  6 endoplasms
  3 giant cockroaches (D:1)
  12 goblins
  11 hobgoblins
  10 kobolds
  4 quokkas
  7 ball pythons
  6 bats
  5 frilled lizards
  5 rats
439 creatures vanquished.

Vanquished Creatures (others)
  An orc (Orc:1)
  47 fungi
  A pillar of salt (Orc:2)
  60 plants
109 creatures vanquished.

Grand Total: 548 creatures vanquished

Notes
Turn   | Place    | Note
-------+----------+-------------------------------------------
     0 | D:1      | Pooter the Minotaur Fighter began the quest for the Orb.
     0 | D:1      | Reached XP level 1. HP: 19/19 MP: 0/0
    37 | D:1      | Reached XP level 2. HP: 23/27 MP: 1/1
   281 | D:1      | Reached skill level 1 in Stealth
   287 | D:1      | Reached XP level 3. HP: 33/33 MP: 2/2
   703 | D:2      | Reached XP level 4. HP: 40/40 MP: 3/3
   908 | D:2      | Noticed Natasha
   914 | D:2      | Killed Natasha
  1121 | D:2      | Noticed Natasha
  1129 | D:2      | Killed Natasha
  1222 | D:2      | Noticed Terence
  1229 | D:2      | Killed Terence
  1230 | D:2      | Reached skill level 1 in Ranged Weapons
  1230 | D:2      | Reached XP level 5. HP: 45/47 MP: 4/4
  1792 | D:3      | Found a faded altar of an unknown god.
  2393 | D:4      | Noticed Edmund
  2396 | D:4      | Reached skill level 5 in Axes
  2399 | D:4      | Killed Edmund
  2400 | D:4      | Reached skill level 5 in Fighting
  2400 | D:4      | Reached XP level 6. HP: 56/56 MP: 5/5
  2580 | D:4      | Reached skill level 1 in Maces & Flails
  2623 | D:4      | Noticed a water moccasin
  2631 | D:4      | Killed a water moccasin
  2632 | D:4      | Reached skill level 2 in Maces & Flails
  2632 | D:4      | Reached XP level 7. HP: 41/61 MP: 6/6
  2674 | D:4      | Reached skill level 3 in Maces & Flails
  2815 | D:4      | Found Amushi's Serpentskin Sales.
  2821 | D:4      | Bought a scroll of poison for 44 gold pieces
  3072 | D:4      | Reached skill level 4 in Maces & Flails
  3077 | D:5      | Entered Level 5 of the Dungeon
  3115 | D:5      | Found a shadowy altar of Dithmenos.
  3473 | D:5      | Reached XP level 8. HP: 59/70 MP: 7/7
  3576 | D:5      | Reached skill level 5 in Maces & Flails
  4256 | D:6      | Noticed a manticore
  4259 | D:6      | Noticed Blork the orc
  4356 | D:7      | Killed Blork the orc
  4357 | D:7      | Reached skill level 6 in Maces & Flails
  4388 | D:6      | Killed a manticore
  4389 | D:6      | Reached skill level 7 in Maces & Flails
  4389 | D:6      | Reached skill level 5 in Ranged Weapons
  4635 | D:6      | Noticed Darius099's ghost (novice TrMo)
  4639 | D:6      | Noticed Eustachio
  4648 | D:6      | Killed Eustachio
  4649 | D:6      | Reached XP level 9. HP: 73/79 MP: 8/8
  4683 | D:6      | Found a runed translucent gate.
  4683 | D:6      | Found a runed translucent gate.
  4688 | D:6      | Found a runed translucent gate.
  4710 | D:6      | Found a staircase to the Ecumenical Temple.
  4719 | Temple   | Entered the Ecumenical Temple
  4726 | Temple   | Became a worshipper of Warmaster Okawaru
  4767 | D:6      | Found a blossoming altar of Fedhas.
  5132 | D:7      | Reached skill level 8 in Maces & Flails
  5183 | D:7      | Reached skill level 5 in Stealth
  5188 | D:7      | Reached * piety under Okawaru
  6012 | D:8      | Noticed Joseph
  6019 | D:8      | Killed Joseph
  6020 | D:8      | Reached skill level 9 in Maces & Flails
  6092 | D:8      | Reached ** piety under Okawaru
  6387 | D:8      | Reached XP level 10. HP: 87/90 MP: 9/9
  6824 | D:8      | Found an opulent altar of Gozag.
  6891 | D:8      | Reached skill level 10 in Maces & Flails
  7429 | D:9      | Reached skill level 1 in Invocations
  7486 | D:9      | HP: 4/91 [efreet/+3 scimitar of flaming (1)]
  7487 | D:9      | Reached *** piety under Okawaru
  7527 | D:9      | Noticed Maggie
  7537 | D:9      | Killed Maggie
  7538 | D:9      | Reached skill level 11 in Maces & Flails
  8139 | D:9      | Received a gift from Okawaru
  8776 | D:9      | Paralysed by a hornet for 1 turns
  8888 | D:10     | Entered Level 10 of the Dungeon
  8894 | D:10     | Reached XP level 11. HP: 95/99 MP: 12/12
  9042 | D:10     | Found a staircase to the Orcish Mines.
  9059 | D:10     | Reached skill level 5 in Shields
  9060 | D:10     | Reached **** piety under Okawaru
  9101 | Orc:1    | Entered Level 1 of the Orcish Mines
  9163 | D:10     | Reached skill level 10 in Fighting
  9167 | D:10     | Reached skill level 12 in Maces & Flails
  9200 | D:10     | Noticed a boulder beetle
  9210 | D:10     | Killed a boulder beetle
  9210 | D:10     | Reached ***** piety under Okawaru
  9212 | D:10     | Noticed Urug
  9214 | D:10     | Noticed a two-headed ogre
  9248 | D:10     | Noticed Erolcha
  9251 | D:10     | Killed Erolcha
  9252 | D:10     | Reached skill level 5 in Invocations
  9252 | D:10     | Upgraded the game from 0.30-a0-860-g512cf1e979 to
                  | 0.30-a0-862-g1aabd4f9c5
  9368 | D:10     | Noticed an eight-headed hydra
  9375 | D:10     | Killed an eight-headed hydra
  9790 | D:10     | Noticed a two-headed ogre
  9797 | D:10     | Killed a two-headed ogre
  9914 | D:10     | Killed a two-headed ogre
 10315 | D:10     | Killed Urug
 10316 | D:10     | Reached skill level 13 in Maces & Flails
 10480 | D:10     | Reached XP level 12. HP: 96/108 MP: 15/15
 10481 | D:10     | Found a radiant altar of Vehumet.
 10487 | D:10     | Found a hazy altar of Hepliaklqana.
 10488 | D:10     | Identified the +0 plate armour "Witrou Sunes" {Regen+}
                  | (Okawaru gifted it to you on level 10 of the Dungeon)
 10488 | D:10     | Received a gift from Okawaru
 10489 | D:10     | Found a broken altar of Ashenzari.
 10489 | D:10     | Found a shimmering altar of Xom.
 10722 | D:10     | Noticed a two-headed ogre
 10726 | D:10     | Killed a two-headed ogre
 10783 | D:10     | Noticed a centaur warrior
 10783 | D:10     | Noticed a boulder beetle
 10788 | D:10     | Noticed a five-headed hydra
 10788 | D:10     | Noticed a tengu warrior
 10806 | D:10     | Killed a centaur warrior
 11299 | D:10     | Killed a boulder beetle
 11311 | D:10     | Killed a tengu warrior
 11402 | D:10     | Killed a five-headed hydra
 11436 | D:10     | Identified the +1 leather armour "Caonaop" {rC+ Dex+2}
 11586 | D:10     | Reached skill level 14 in Maces & Flails
 11827 | Orc:1    | Found Munaexoa's Antique Armour Emporium.
 11834 | Orc:1    | Noticed an ogre mage
 12769 | Orc:1    | Found Tuetrel's Assorted Antiques.
 12773 | Orc:1    | Found Posmas's Weapon Shoppe.
 12792 | Orc:1    | Killed an ogre mage
 12800 | Orc:1    | Bought a scroll labelled GOILOCHONY for 22 gold pieces
 12820 | Orc:1    | Noticed an orc warlord
 12828 | Orc:1    | Killed an orc warlord
 13264 | Orc:2    | Entered Level 2 of the Orcish Mines
 13264 | Orc:2    | Noticed a two-headed ogre
 13264 | Orc:2    | Noticed a two-headed ogre
 13264 | Orc:2    | Found Ylo Kowkio's Weapon Boutique.
 13266 | Orc:2    | Noticed a two-headed ogre
 13266 | Orc:2    | Noticed a two-headed ogre
 13266 | Orc:2    | Noticed a two-headed ogre
 13266 | Orc:2    | Noticed an ogre mage
 13267 | Orc:2    | Noticed a two-headed ogre
 13295 | Orc:2    | Noticed a two-headed ogre
 13295 | Orc:2    | Found a staircase to the Elven Halls.
 13497 | D:11     | Reached skill level 10 in Ranged Weapons
 13497 | D:11     | Reached XP level 13. HP: 116/116 MP: 18/18
 13736 | D:11     | Found Reotujy's Vocational Training.
 14127 | D:11     | Found a staircase to the Lair.
 14364 | Lair:1   | Entered Level 1 of the Lair of Beasts
 14480 | Lair:1   | Reached skill level 1 in Dodging
 14480 | Lair:1   | Reached skill level 1 in Evocations
 14544 | Lair:1   | Reached skill level 1 in Throwing
 14590 | Lair:1   | Found a large runed translucent door.
 14590 | Lair:1   | Found a large runed translucent door.
 14591 | Lair:1   | Noticed NinjaNoafa's ghost (journeyman DjCj)
 15222 | Lair:1   | Killed NinjaNoafa's ghost
 15456 | Lair:2   | Found a frozen archway.
 15479 | IceCv    | Entered an ice cave
 15936 | IceCv    | Received a gift from Okawaru
 16207 | IceCv    | Reached skill level 10 in Invocations
 16509 | IceCv    | Mangled by a bog body

Illustrated notes

Levels and vault maps discovered:
D:1:      lightli_arrival_quake, layout_rooms, st_stairs_14
D:2:      layout_loops_corners, minmay_strange_pillars, uniq_natasha,
          uniq_terence
D:3:      layout_loops_corners, chequers_ecumenical_altar_lobes
D:4:      layout_rooms, guppyfry_shop_venom, uniq_edmund
D:5:      layout_loops_corners, grunt_dithmenos_smoke, minmay_crystal_water
D:6:      kennysheep_big_flooded_room, layout_basic,
          nicolae_overflow_crystal_walls, minmay_temple_entry_drinking_statues,
          gammafunk_ghost_split, uniq_blork_the_orc, uniq_eustachio
D:7:      layout_loops_ring
D:8:      layout_basic, mainiacjoe_overflow_tiny_flanked, kennysheep_kite_vault,
          uniq_joseph
D:9:      layout_basic, uniq_maggie
D:10:     minmay_the_grid_octo_tiled_octocenter
          [minmay_the_grid_octo_checkerflower, minmay_the_grid_octo_toaster,
          minmay_the_grid_octo_shrine, minmay_the_grid_octo_thin_diamonds,
          minmay_the_grid_octo_prize_big_c, minmay_the_grid_square_5x5_minibox,
          minmay_the_grid_square_5x5_seven,
          minmay_the_grid_square_5x5_eight_small,
          minmay_the_grid_square_5x5_checkered], layout_long_grid,
          minmay_statues_item, uniq_erolcha, uniq_urug
D:11:     layout_roguey, due_lair_maze_entry_diamond, nicolae_shop_vocational
Temple:   compressed_dpeg_triangle_lava_temple
Lair:1:   beast_lair_carwin_large_2, layout_regular_city,
          ebering_ghost_disaster_area
Lair:2:   layout_gridlike, minmay_shoals_entry_hut,
          hellmonk_spider_entry_not_the_bees,
          portal_ice_cave_entry_ice_simulacra
Orc:1:    layout_caves, guppyfry_orc_lava_fort
Orc:2:    hellmonk_orc_salted, layout_caves, enter_volcano_1, serial_shops,
          shop, nicolae_shop_bloodbath_and_beyond, shop_fountains,
          uniq_saint_roka, uniq_josephine
IceCv:    ice_cave_tombish

Skill      XL: |  1  2  3  4  5  6  7  8  9 10 11 12 13 |
---------------+----------------------------------------+-----
Axes           | 3 4 5 |  5.4
Fighting       | 4 5 6 7 8 9 10 11 12 | 12.3
Stealth        | 1 2 3 4 5 6 |  6.8
Ranged Weapons | 1 2 3 4 5 6 7 9 10 | 10.8
Maces & Flails | 2 4 7 9 11 13 14 | 14.8
Invocations    | 3 6 8 10 | 10.1
Shields        | 4 6 8 |  8.5
Dodging        | 3 |  3.1
Evocations     | 2 |  2.6
Throwing       | 2 |  2.9
Armour         | |  3.6

Action                     |  1- 3 |  4- 6 |  7- 9 | 10-12 | 13-15 || total
---------------------------+-------+-------+-------+-------+-------++-------
  Melee: War axe           |    84 |    51 |     5 |       |       ||   140
         Headbutt          |    11 |     9 |    26 |    65 |    44 ||   155
         Flail             |       |    16 |   160 |   330 |   189 ||   695
         Broad axe         |       |       |       |     3 |       ||     3
         Punch             |       |       |       |     3 |     6 ||     9
   Fire: Sling             |       |    54 |    43 |     1 |       ||    98
         Arbalest          |       |       |       |    30 |    64 ||    94
  Throw: Stone             |       |       |     2 |       |       ||     2
         Boomerang         |       |       |       |    33 |     7 ||    40
         Dart              |       |       |       |     1 |       ||     1
 Invoke: Heroism           |       |       |       |    24 |    13 ||    37
         Finesse           |       |       |       |     4 |     3 ||     7
  Evoke: Wand              |       |     4 |    13 |    35 |     7 ||    59
         Piece from Xom's  |       |       |       |    17 |       ||    17
    Use: Scroll            |     4 |     6 |     8 |    11 |     3 ||    32
         Potion            |       |     1 |     5 |     9 |     1 ||    16
   Stab: Paralysed         |       |       |     3 |     6 |       ||     9
         Petrified         |       |       |       |     3 |       ||     3
 Armour: Scale mail        |    36 |    39 |    31 |       |       ||   106
         Chain mail        |       |       |    94 |       |       ||    94
         Plate armour      |       |       |     6 |   247 |   127 ||   380
  Dodge: Dodged            |    41 |    42 |    65 |   131 |    74 ||   353
  Block: Buckler           |    13 |    17 |    14 |       |       ||    44
         Kite shield       |       |       |    29 |   169 |       ||   198
         Other             |       |       |       |       |    44 ||    44

Table legend: (Time is in decaauts)
 A = Elapsed time spent in this place.
 B = Non-inter-level travel time spent in this place.
 C = Inter-level travel time spent in this place.
 D = Time resting spent in this place.
 E = Time spent auto-exploring this place.
 F = Levels seen in this place.
 G = Mean time per level.
                   A        B        C        D        E       F      G
               +--------+--------+--------+--------+--------+-----+--------+
         Total |  16776 |  16191 |    585 |   4548 |   8080 |  17 |  986.8 |
       Dungeon |  12878 |  12465 |    413 |   2947 |   6985 |  11 | 1170.7 |
        Temple |     14 |     14 |      0 |      0 |      0 |   1 |   14.0 |
          Lair |   1130 |   1113 |     17 |     49 |    798 |   2 |  565.0 |
  Orcish Mines |   1721 |   1566 |    155 |    828 |    270 |   2 |  860.5 |
      Ice Cave |   1030 |   1030 |      0 |    722 |     27 |   1 | 1030.0 |
               +--------+--------+--------+--------+--------+-----+--------+

Top non-repeatable levels by time:
    D:10: 2630 daAuts
     D:9: 1834 daAuts
   Orc:1: 1709 daAuts
     D:8: 1413 daAuts
     D:5: 1099 daAuts
     D:7: 1090 daAuts
   IceCv: 1030 daAuts
  Lair:1: 1002 daAuts
     D:2: 995 daAuts
     D:3: 935 daAuts
    D:11: 909 daAuts
     D:4: 801 daAuts
     D:6: 722 daAuts
     D:1: 447 daAuts
  Lair:2: 128 daAuts
